[ PARTIDA AOE2 · #458396992 ]
UnrankedPolacos vs Vietnamese
Equipo del jugador · DERR
[ ANÁLISIS DE REPETICIÓN · EXTRAÍDO DE LA PARTIDA GRABADA ]
Feudal
10:58
Castillos
14:34
Imperial
36:12
| APM promedio | 33.7 |
| APM pico | 53 |
| eAPM promedio | 19.0 |
| Aldeanos / militares | 106 / 129 |
Foco
⚔️ 46.1% · 🌾 53.9%
Knight ×124 · Scout Cavalry ×5
Feudal
13:37
Castillos
20:38
Imperial
29:19
| APM promedio | 30.7 |
| APM pico | 90 |
| eAPM promedio | 17.1 |
| Aldeanos / militares | 105 / 25 |
Foco
⚔️ 32.8% · 🌾 67.2%
Longbowman ×15 · Trebuchet (Packed) ×10
Feudal
9:09
Castillos
20:15
Imperial
35:07
| APM promedio | 68.4 |
| APM pico | 107 |
| eAPM promedio | 23.6 |
| Aldeanos / militares | 89 / 82 |
Foco
⚔️ 35.7% · 🌾 64.3%
Archer ×75 · Fishing Ship ×8 · Trebuchet (Packed) ×5 · Skirmisher ×2
Feudal
9:37
Castillos
24:28
Imperial
36:35
| APM promedio | 45.2 |
| APM pico | 77 |
| eAPM promedio | 18.7 |
| Aldeanos / militares | 68 / 143 |
Foco
⚔️ 31.5% · 🌾 68.5%
Steppe Lancer ×69 · Fishing Ship ×44 · Spearman ×25 · Fire Lancer ×20 · Militia ×18 · Iron Pagoda ×7
Feudal
12:34
Castillos
27:20
Imperial
—
| APM promedio | 43.0 |
| APM pico | 90 |
| eAPM promedio | 28.1 |
| Aldeanos / militares | 123 / 69 |
Foco
⚔️ 33.5% · 🌾 66.5%
Knight ×62 · Fishing Ship ×35 · Scout Cavalry ×3 · Demolition Raft ×3 · Camel Scout ×1
Feudal
10:33
Castillos
14:53
Imperial
37:01
| APM promedio | 46.3 |
| APM pico | 100 |
| eAPM promedio | 23.2 |
| Aldeanos / militares | 135 / 89 |
Foco
⚔️ 22.3% · 🌾 77.7%
Bolas Rider ×45 · Skirmisher ×39 · Mangonel ×5
Feudal
14:10
Castillos
17:43
Imperial
28:52
| APM promedio | 39.6 |
| APM pico | 89 |
| eAPM promedio | 20.2 |
| Aldeanos / militares | 142 / 42 |
Foco
⚔️ 34.7% · 🌾 65.3%
Rattan Archer ×28 · Trebuchet (Packed) ×7 · Bombard Cannon ×6 · Monk ×1
Feudal
8:50
Castillos
19:48
Imperial
39:57
| APM promedio | 73.7 |
| APM pico | 152 |
| eAPM promedio | 48.7 |
| Aldeanos / militares | 213 / 27 |
Foco
⚔️ 58.1% · 🌾 41.9%
Archer ×19 · Monk ×4 · Militia ×3 · Spearman ×1
Mapa de la partida
Recursos iniciales + cada clic de construcción. Líneas = muros · curvas = relieve. ◆ oro · ⬟ piedra · ● bayas · ✦ reliquia · ◌ hueco del cierre
Inputs por minuto
— Cyborg - - scorpion145
Build order — Cyborg
Primeras 150 de 364 acciones detectadas
| 0:01 | Crear | Villager (Male) |
| 0:03 | Construir | House |
| 0:04 | Construir | House |
| 0:07 | Crear | Villager (Male) |
| 0:12 | Crear | Villager (Male) |
| 0:21 | Crear | Villager (Male) |
| 1:29 | Crear | Villager (Male) |
| 1:47 | Construir | Lumber Camp |
| 2:00 | Crear | Villager (Male) |
| 2:24 | Crear | Villager (Male) |
| 2:48 | Crear | Villager (Male) |
| 3:12 | Crear | Villager (Male) |
| 3:13 | Crear | Villager (Male) |
| 3:24 | Construir | House |
| 3:59 | Crear | Villager (Male) |
| 4:21 | Crear | Villager (Male) |
| 4:41 | Construir | Mill |
| 4:47 | Crear | Villager (Male) |
| 4:52 | Crear | Villager (Male) |
| 5:29 | Crear | Villager (Male) |
| 5:29 | Crear | Villager (Male) |
| 5:34 | Construir | Farm |
| 5:49 | Crear | Villager (Male) |
| 6:15 | Crear | Villager (Male) |
| 6:22 | Crear | Villager (Male) |
| 6:24 | Construir | Lumber Camp |
| 7:01 | Crear | Villager (Male) |
| 7:13 | Crear | Villager (Male) |
| 7:19 | Crear | Villager (Male) |
| 8:02 | Construir | Farm |
| 8:04 | Construir | Farm |
| 8:31 | Construir | Mining Camp |
| 8:48 | Investigar | Feudal Age |
| 8:53 | Construir | House |
| 9:50 | Construir | Barracks |
| 10:13 | Construir | Palisade Wall |
| 10:14 | Construir | Palisade Wall |
| 10:58 | Edad | Edad Feudal |
| 11:00 | Crear | Villager (Male) |
| 11:02 | Construir | Stable |
| 11:05 | Construir | Blacksmith |
| 11:29 | Crear | Villager (Male) |
| 11:42 | Construir | Palisade Wall |
| 11:44 | Construir | Palisade Wall |
| 11:53 | Investigar | Castle Age |
| 12:03 | Construir | Building 796 |
| 12:25 | Construir | Palisade Wall |
| 12:27 | Construir | House |
| 12:29 | Construir | House |
| 12:40 | Investigar | Double-Bit Axe |
| 12:48 | Construir | Palisade Wall |
| 13:04 | Construir | Farm |
| 13:11 | Investigar | Horse Collar |
| 13:20 | Construir | Farm |
| 13:23 | Construir | Farm |
| 13:32 | Crear | Scout Cavalry |
| 13:49 | Crear | Scout Cavalry |
| 14:24 | Crear | Scout Cavalry |
| 14:34 | Edad | Edad de los Castillos |
| 14:36 | Crear | Villager (Male) |
| 14:37 | Crear | Knight |
| 14:52 | Construir | Mill |
| 14:53 | Construir | Farm |
| 14:53 | Construir | Farm |
| 14:54 | Construir | Farm |
| 14:54 | Construir | Farm |
| 15:00 | Crear | Villager (Male) |
| 15:13 | Crear | Villager (Male) |
| 15:45 | Investigar | Light Cavalry (upgrade) |
| 15:56 | Crear | Villager (Male) |
| 16:07 | Construir | Farm |
| 16:19 | Crear | Knight |
| 16:22 | Crear | Villager (Male) |
| 16:24 | Construir | Farm |
| 16:26 | Investigar | Scale Barding Armor |
| 16:33 | Crear | Villager (Male) |
| 16:41 | Construir | Farm |
| 16:43 | Construir | Farm |
| 16:57 | Crear | Villager (Male) |
| 17:02 | Crear | Knight |
| 17:29 | Crear | Villager (Male) |
| 17:47 | Crear | Villager (Male) |
| 17:58 | Crear | Knight |
| 17:59 | Crear | Knight |
| 18:17 | Crear | Villager (Male) |
| 18:20 | Construir | Town Center |
| 18:27 | Crear | Villager (Male) |
| 18:37 | Investigar | Bow Saw |
| 18:39 | Crear | Knight |
| 18:50 | Construir | Mill |
| 18:51 | Construir | Farm |
| 18:51 | Construir | Farm |
| 18:51 | Construir | Farm |
| 18:51 | Construir | Farm |
| 18:52 | Construir | Farm |
| 18:52 | Construir | Farm |
| 18:52 | Construir | Farm |
| 18:53 | Construir | Farm |
| 18:54 | Crear | Villager (Male) |
| 19:19 | Crear | Villager (Male) |
| 19:22 | Construir | Farm |
| 19:23 | Construir | Farm |
| 19:29 | Crear | Knight |
| 19:30 | Crear | Villager (Male) |
| 19:33 | Construir | House |
| 19:44 | Construir | House |
| 19:45 | Construir | House |
| 19:49 | Crear | Villager (Male) |
| 20:04 | Crear | Villager (Male) |
| 20:12 | Construir | Stable |
| 20:23 | Investigar | Forging |
| 20:23 | Crear | Villager (Male) |
| 20:25 | Crear | Knight |
| 20:28 | Crear | Villager (Male) |
| 20:31 | Construir | Farm |
| 20:43 | Construir | Farm |
| 20:47 | Crear | Knight |
| 20:48 | Crear | Villager (Male) |
| 20:54 | Crear | Villager (Male) |
| 21:15 | Investigar | Bloodlines |
| 21:23 | Investigar | Chain Barding Armor |
| 21:23 | Investigar | Chain Barding Armor |
| 21:25 | Crear | Villager (Male) |
| 21:28 | Crear | Villager (Male) |
| 21:34 | Construir | Farm |
| 21:37 | Crear | Knight |
| 21:41 | Crear | Villager (Male) |
| 21:43 | Construir | House |
| 21:53 | Construir | Mill |
| 21:54 | Construir | Farm |
| 21:54 | Construir | Farm |
| 21:55 | Construir | Farm |
| 21:55 | Construir | Farm |
| 21:55 | Construir | Farm |
| 22:04 | Investigar | Bloodlines |
| 22:05 | Crear | Villager (Male) |
| 22:07 | Crear | Villager (Male) |
| 22:09 | Crear | Villager (Male) |
| 23:03 | Crear | Knight |
| 23:03 | Crear | Knight |
| 23:04 | Crear | Villager (Male) |
| 23:04 | Crear | Villager (Male) |
| 23:11 | Crear | Knight |
| 23:11 | Crear | Knight |
| 23:12 | Crear | Villager (Male) |
| 23:14 | Construir | Stable |
| 23:17 | Crear | Scout Cavalry |
| 23:17 | Crear | Scout Cavalry |
| 23:25 | Crear | Knight |
| 23:25 | Crear | Knight |
Build order — scorpion145
Primeras 150 de 275 acciones detectadas
| 0:01 | Crear | Villager (Male) |
| 0:01 | Crear | Villager (Male) |
| 0:02 | Construir | House |
| 0:04 | Construir | House |
| 0:15 | Investigar | Loom |
| 0:17 | Crear | Villager (Male) |
| 0:22 | Crear | Villager (Male) |
| 0:30 | Crear | Villager (Male) |
| 0:58 | Construir | Palisade Wall |
| 1:06 | Construir | Palisade Wall |
| 1:42 | Crear | Villager (Male) |
| 2:08 | Crear | Villager (Male) |
| 2:16 | Construir | Palisade Wall |
| 2:17 | Construir | Palisade Wall |
| 2:21 | Construir | Palisade Wall |
| 2:25 | Construir | Palisade Wall |
| 2:31 | Construir | Palisade Wall |
| 2:32 | Construir | Palisade Wall |
| 2:34 | Construir | Palisade Wall |
| 2:36 | Construir | Palisade Wall |
| 2:39 | Construir | Palisade Wall |
| 2:40 | Crear | Villager (Male) |
| 2:42 | Construir | Palisade Wall |
| 2:57 | Construir | Palisade Wall |
| 3:14 | Crear | Villager (Male) |
| 3:14 | Crear | Villager (Male) |
| 3:18 | Crear | Villager (Male) |
| 3:18 | Crear | Villager (Male) |
| 3:35 | Construir | Palisade Wall |
| 3:48 | Crear | Villager (Male) |
| 3:54 | Crear | Villager (Male) |
| 3:54 | Crear | Villager (Male) |
| 4:00 | Construir | Palisade Wall |
| 4:08 | Construir | Palisade Wall |
| 4:37 | Crear | Villager (Male) |
| 4:40 | Construir | House |
| 5:02 | Crear | Villager (Male) |
| 5:30 | Construir | Palisade Wall |
| 5:31 | Construir | Palisade Wall |
| 5:33 | Construir | Palisade Wall |
| 5:46 | Construir | Palisade Wall |
| 5:56 | Crear | Villager (Male) |
| 5:59 | Crear | Villager (Male) |
| 5:59 | Crear | Villager (Male) |
| 6:10 | Construir | House |
| 6:24 | Construir | Palisade Wall |
| 6:49 | Crear | Villager (Male) |
| 7:13 | Construir | Lumber Camp |
| 7:28 | Crear | Villager (Male) |
| 7:38 | Crear | Villager (Male) |
| 7:42 | Crear | Villager (Male) |
| 8:09 | Construir | Palisade Wall |
| 8:12 | Construir | Palisade Wall |
| 8:18 | Crear | Villager (Male) |
| 8:18 | Crear | Villager (Male) |
| 8:20 | Crear | Villager (Male) |
| 8:47 | Crear | Villager (Male) |
| 9:00 | Construir | Mill |
| 9:08 | Crear | Villager (Male) |
| 9:27 | Crear | Villager (Male) |
| 10:03 | Construir | House |
| 10:29 | Crear | Villager (Male) |
| 11:19 | Construir | Palisade Wall |
| 11:27 | Investigar | Feudal Age |
| 11:32 | Construir | Mining Camp |
| 11:59 | Crear | Villager (Male) |
| 13:35 | Crear | Villager (Male) |
| 13:35 | Crear | Villager (Male) |
| 13:37 | Construir | House |
| 13:37 | Edad | Edad Feudal |
| 13:44 | Construir | Stone Wall |
| 13:46 | Construir | Stone Wall |
| 14:02 | Construir | Market |
| 14:08 | Investigar | Horse Collar |
| 14:10 | Investigar | Double-Bit Axe |
| 14:14 | Construir | Farm |
| 14:14 | Construir | Farm |
| 14:16 | Construir | Farm |
| 14:18 | Construir | Farm |
| 14:25 | Construir | Farm |
| 14:26 | Construir | Farm |
| 14:27 | Construir | Farm |
| 14:30 | Crear | Villager (Male) |
| 14:35 | Construir | House |
| 15:09 | Investigar | Town Watch |
| 15:14 | Construir | Outpost |
| 15:20 | Crear | Villager (Male) |
| 15:20 | Crear | Villager (Male) |
| 15:25 | Construir | Stone Wall |
| 15:27 | Construir | Stone Wall |
| 15:31 | Crear | Villager (Male) |
| 15:38 | Construir | Mining Camp |
| 16:05 | Construir | Blacksmith |
| 16:09 | Construir | Farm |
| 16:12 | Crear | Villager (Male) |
| 17:27 | Construir | Farm |
| 17:28 | Crear | Villager (Male) |
| 17:59 | Investigar | Castle Age |
| 18:21 | Crear | Villager (Male) |
| 18:21 | Crear | Villager (Male) |
| 18:31 | Construir | Outpost |
| 18:47 | Investigar | Fletching |
| 19:05 | Construir | House |
| 19:07 | Construir | House |
| 20:21 | Crear | Villager (Male) |
| 20:38 | Edad | Edad de los Castillos |
| 20:42 | Construir | Castle |
| 20:54 | Construir | Farm |
| 20:55 | Construir | Farm |
| 21:07 | Construir | Farm |
| 21:10 | Investigar | Bow Saw |
| 21:14 | Investigar | Gold Mining |
| 21:15 | Crear | Villager (Male) |
| 21:32 | Construir | Town Center |
| 21:39 | Crear | Villager (Male) |
| 21:39 | Crear | Villager (Male) |
| 21:42 | Construir | Farm |
| 21:48 | Construir | Lumber Camp |
| 21:51 | Crear | Longbowman |
| 21:52 | Crear | Longbowman |
| 21:58 | Investigar | Bodkin Arrow |
| 22:25 | Crear | Longbowman |
| 22:26 | Crear | Villager (Male) |
| 22:40 | Crear | Longbowman |
| 22:40 | Crear | Longbowman |
| 22:45 | Crear | Villager (Male) |
| 22:53 | Crear | Longbowman |
| 23:17 | Crear | Villager (Male) |
| 23:19 | Crear | Villager (Male) |
| 23:22 | Construir | Farm |
| 23:23 | Construir | Farm |
| 23:26 | Construir | Farm |
| 23:37 | Construir | Farm |
| 23:51 | Crear | Villager (Male) |
| 24:01 | Crear | Villager (Male) |
| 24:01 | Crear | Villager (Male) |
| 24:01 | Crear | Villager (Male) |
| 24:17 | Construir | Stone Wall |
| 24:19 | Crear | Villager (Male) |
| 24:19 | Crear | Villager (Male) |
| 24:35 | Crear | Villager (Male) |
| 24:40 | Construir | Farm |
| 24:41 | Construir | Farm |
| 24:42 | Construir | Farm |
| 24:44 | Crear | Villager (Male) |
| 24:44 | Crear | Villager (Male) |
| 25:06 | Construir | House |
| 26:09 | Investigar | Imperial Age |
| 26:10 | Investigar | Imperial Age |
| 26:12 | Crear | Longbowman |
Build order — NakedNipples
Primeras 150 de 251 acciones detectadas
| 0:00 | Investigar | Loom |
| 0:37 | Crear | Villager (Male) |
| 1:05 | Crear | Villager (Male) |
| 1:05 | Crear | Villager (Male) |
| 1:34 | Crear | Villager (Male) |
| 1:57 | Crear | Villager (Male) |
| 2:05 | Construir | Lumber Camp |
| 2:23 | Crear | Villager (Male) |
| 2:43 | Crear | Villager (Male) |
| 3:03 | Crear | Villager (Male) |
| 3:18 | Crear | Villager (Male) |
| 3:25 | Construir | House |
| 3:46 | Crear | Villager (Male) |
| 3:47 | Crear | Villager (Male) |
| 4:11 | Crear | Villager (Male) |
| 4:31 | Crear | Villager (Male) |
| 4:47 | Crear | Villager (Male) |
| 5:03 | Construir | House |
| 5:06 | Crear | Villager (Male) |
| 5:45 | Construir | Dock |
| 6:29 | Crear | Villager (Male) |
| 6:58 | Investigar | Feudal Age |
| 6:58 | Investigar | Feudal Age |
| 7:29 | Construir | Barracks |
| 7:45 | Construir | Mining Camp |
| 8:13 | Construir | House |
| 8:43 | Construir | Palisade Wall |
| 8:46 | Construir | Palisade Wall |
| 8:47 | Construir | Palisade Wall |
| 9:09 | Edad | Edad Feudal |
| 9:11 | Construir | Archery Range |
| 9:13 | Investigar | Double-Bit Axe |
| 9:13 | Investigar | Double-Bit Axe |
| 9:14 | Crear | Villager (Male) |
| 9:14 | Crear | Villager (Male) |
| 9:23 | Construir | Stone Wall |
| 9:32 | Crear | Fishing Ship |
| 9:41 | Crear | Villager (Male) |
| 9:53 | Crear | Archer |
| 9:56 | Construir | House |
| 10:01 | Construir | House |
| 10:17 | Crear | Archer |
| 10:28 | Construir | Palisade Gate |
| 10:30 | Crear | Archer |
| 10:33 | Construir | House |
| 10:50 | Crear | Villager (Male) |
| 10:56 | Crear | Villager (Male) |
| 11:16 | Construir | House |
| 11:23 | Construir | Blacksmith |
| 11:24 | Crear | Villager (Male) |
| 11:36 | Crear | Archer |
| 11:37 | Crear | Villager (Male) |
| 11:44 | Crear | Villager (Male) |
| 11:50 | Crear | Fishing Ship |
| 12:00 | Crear | Archer |
| 12:11 | Crear | Skirmisher |
| 12:27 | Investigar | Fletching |
| 12:27 | Investigar | Fletching |
| 12:46 | Construir | Mill |
| 13:00 | Crear | Villager (Male) |
| 13:03 | Investigar | Padded Archer Armor |
| 13:22 | Construir | Farm |
| 13:23 | Construir | Farm |
| 13:24 | Construir | Farm |
| 13:26 | Crear | Skirmisher |
| 13:43 | Construir | Stone Wall |
| 13:48 | Construir | Farm |
| 13:49 | Construir | Farm |
| 13:54 | Crear | Archer |
| 13:56 | Crear | Villager (Male) |
| 14:15 | Crear | Villager (Male) |
| 14:19 | Construir | Building 490 |
| 14:21 | Construir | Stone Wall |
| 14:23 | Crear | Villager (Male) |
| 14:24 | Crear | Fishing Ship |
| 14:31 | Construir | House |
| 14:36 | Crear | Fishing Ship |
| 14:59 | Construir | Farm |
| 15:01 | Construir | Farm |
| 15:12 | Crear | Villager (Male) |
| 15:26 | Crear | Villager (Male) |
| 15:34 | Crear | Archer |
| 16:04 | Construir | Stone Wall |
| 16:07 | Crear | Villager (Male) |
| 16:11 | Construir | Market |
| 16:16 | Crear | Archer |
| 16:16 | Crear | Archer |
| 16:21 | Construir | Farm |
| 16:22 | Construir | Farm |
| 16:24 | Construir | Farm |
| 16:35 | Crear | Fishing Ship |
| 16:40 | Construir | House |
| 16:44 | Construir | House |
| 17:12 | Construir | House |
| 17:19 | Construir | Archery Range |
| 17:35 | Investigar | Castle Age |
| 17:54 | Investigar | Gold Mining |
| 17:56 | Crear | Archer |
| 18:20 | Crear | Archer |
| 18:24 | Construir | House |
| 18:24 | Construir | House |
| 18:30 | Crear | Fishing Ship |
| 19:24 | Crear | Archer |
| 19:25 | Crear | Archer |
| 19:37 | Crear | Archer |
| 19:37 | Crear | Archer |
| 20:15 | Edad | Edad de los Castillos |
| 20:16 | Construir | Town Center |
| 20:20 | Construir | University |
| 20:22 | Investigar | Bodkin Arrow |
| 20:28 | Investigar | Crossbowman (upgrade) |
| 20:37 | Crear | Villager (Male) |
| 20:37 | Crear | Villager (Male) |
| 20:39 | Investigar | Bow Saw |
| 21:06 | Crear | Villager (Male) |
| 21:07 | Crear | Villager (Male) |
| 21:07 | Crear | Villager (Male) |
| 21:29 | Crear | Archer |
| 21:31 | Crear | Archer |
| 21:45 | Crear | Villager (Male) |
| 22:00 | Crear | Archer |
| 22:17 | Crear | Archer |
| 22:18 | Construir | Archery Range |
| 22:19 | Construir | Archery Range |
| 22:58 | Crear | Archer ×5 |
| 22:58 | Crear | Archer |
| 23:09 | Crear | Villager (Male) |
| 23:27 | Crear | Villager (Male) |
| 23:48 | Investigar | Ballistics |
| 23:51 | Crear | Villager (Male) |
| 24:12 | Construir | Farm |
| 24:20 | Crear | Villager (Male) |
| 24:32 | Crear | Villager (Male) |
| 24:39 | Crear | Archer |
| 24:39 | Crear | Archer |
| 24:40 | Crear | Archer |
| 24:40 | Crear | Archer |
| 24:41 | Crear | Archer |
| 24:46 | Crear | Villager (Male) |
| 24:48 | Crear | Archer |
| 24:52 | Crear | Archer |
| 24:53 | Crear | Archer |
| 24:57 | Crear | Villager (Male) |
| 25:02 | Construir | Farm |
| 25:03 | Construir | Farm |
| 25:07 | Crear | Villager (Male) |
| 25:11 | Construir | House |
| 25:12 | Construir | House |
| 25:12 | Construir | House |
| 25:12 | Construir | House |
Build order — Osama
Primeras 150 de 329 acciones detectadas
| 0:02 | Crear | Villager (Male) ×4 |
| 0:03 | Construir | House |
| 0:04 | Construir | House |
| 1:26 | Crear | Villager (Male) |
| 1:27 | Crear | Villager (Male) |
| 1:40 | Crear | Villager (Male) |
| 1:47 | Construir | Lumber Camp |
| 2:23 | Crear | Villager (Male) |
| 2:47 | Crear | Villager (Male) |
| 3:14 | Crear | Villager (Male) |
| 3:14 | Crear | Villager (Male) |
| 3:14 | Crear | Villager (Male) |
| 3:46 | Crear | Villager (Male) |
| 3:51 | Construir | House |
| 4:06 | Crear | Villager (Male) |
| 4:34 | Crear | Villager (Male) |
| 4:44 | Construir | Dock |
| 4:52 | Construir | House |
| 5:03 | Crear | Villager (Male) |
| 5:13 | Crear | Villager (Male) |
| 5:47 | Crear | Villager (Male) |
| 5:50 | Crear | Fishing Ship |
| 6:18 | Crear | Villager (Male) |
| 6:21 | Crear | Fishing Ship |
| 6:53 | Investigar | Loom |
| 7:11 | Crear | Fishing Ship |
| 7:27 | Investigar | Feudal Age |
| 8:15 | Construir | Barracks |
| 8:26 | Crear | Villager (Male) |
| 9:08 | Crear | Militia |
| 9:08 | Crear | Militia |
| 9:10 | Construir | House |
| 9:23 | Crear | Militia |
| 9:29 | Construir | Mill |
| 9:37 | Edad | Edad Feudal |
| 9:43 | Construir | House |
| 9:55 | Investigar | Man-at-Arms (upgrade) |
| 9:58 | Crear | Villager (Male) |
| 10:01 | Construir | Mining Camp |
| 10:39 | Investigar | Double-Bit Axe |
| 10:39 | Crear | Villager (Male) |
| 10:55 | Crear | Villager (Male) |
| 11:02 | Crear | Fishing Ship |
| 11:16 | Crear | Villager (Male) |
| 11:20 | Crear | Militia |
| 11:38 | Crear | Fishing Ship |
| 11:54 | Crear | Villager (Male) |
| 11:55 | Construir | Barracks |
| 12:00 | Crear | Militia |
| 12:03 | Construir | House |
| 12:21 | Construir | House |
| 12:26 | Investigar | Tech 906 |
| 12:29 | Crear | Villager (Male) |
| 12:52 | Crear | Fishing Ship |
| 12:56 | Construir | Fish Trap |
| 13:05 | Crear | Militia |
| 13:41 | Crear | Villager (Male) |
| 13:43 | Investigar | Arson |
| 13:43 | Investigar | Arson |
| 14:03 | Crear | Fishing Ship |
| 14:06 | Crear | Villager (Male) |
| 14:13 | Construir | Blacksmith |
| 14:25 | Crear | Fishing Ship |
| 14:37 | Construir | Fish Trap |
| 14:39 | Crear | Fishing Ship |
| 14:41 | Crear | Villager (Male) |
| 14:50 | Crear | Militia |
| 14:54 | Construir | House |
| 14:54 | Crear | Villager (Male) |
| 14:58 | Construir | House |
| 15:05 | Investigar | Forging |
| 15:09 | Crear | Fishing Ship |
| 15:11 | Crear | Villager (Male) |
| 15:25 | Construir | Fish Trap |
| 15:27 | Crear | Villager (Male) |
| 15:30 | Construir | House |
| 16:06 | Construir | Fish Trap |
| 16:11 | Construir | Fish Trap |
| 16:15 | Crear | Militia |
| 16:17 | Construir | Barracks |
| 16:23 | Crear | Villager (Male) |
| 16:28 | Crear | Villager (Male) |
| 16:32 | Construir | Lumber Camp |
| 16:39 | Crear | Militia |
| 16:40 | Crear | Militia |
| 16:43 | Crear | Villager (Male) |
| 16:46 | Construir | House |
| 17:07 | Crear | Militia |
| 17:16 | Construir | Lumber Camp |
| 17:19 | Construir | Dock |
| 17:22 | Crear | Militia |
| 17:37 | Crear | Militia |
| 17:43 | Crear | Villager (Male) |
| 17:49 | Crear | Villager (Male) |
| 17:52 | Construir | House |
| 17:59 | Crear | Fishing Ship |
| 17:59 | Crear | Fishing Ship |
| 17:59 | Crear | Fishing Ship |
| 18:03 | Construir | Dock |
| 18:20 | Crear | Militia |
| 18:37 | Crear | Militia |
| 18:38 | Crear | Villager (Male) |
| 18:58 | Crear | Villager (Male) |
| 18:59 | Crear | Militia |
| 19:00 | Crear | Villager (Male) |
| 19:04 | Construir | Fish Trap |
| 19:05 | Crear | Fishing Ship |
| 19:06 | Crear | Fishing Ship |
| 19:06 | Crear | Fishing Ship |
| 19:06 | Crear | Fishing Ship |
| 19:08 | Construir | House |
| 19:08 | Construir | House |
| 19:08 | Construir | House |
| 19:12 | Construir | Barracks |
| 19:16 | Crear | Villager (Male) |
| 19:23 | Crear | Militia |
| 19:28 | Construir | Fish Trap |
| 19:33 | Construir | Fish Trap |
| 19:50 | Investigar | Wheelbarrow |
| 19:54 | Construir | Fish Trap |
| 19:57 | Construir | Fish Trap |
| 20:00 | Crear | Militia |
| 20:08 | Construir | Fish Trap |
| 20:11 | Construir | House |
| 20:12 | Construir | House |
| 20:12 | Construir | House |
| 20:20 | Construir | Market |
| 20:42 | Construir | Fish Trap |
| 20:49 | Construir | Fish Trap |
| 21:37 | Construir | House |
| 21:48 | Investigar | Castle Age |
| 21:48 | Investigar | Castle Age |
| 21:51 | Crear | Fishing Ship |
| 21:51 | Crear | Fishing Ship |
| 21:52 | Crear | Fishing Ship |
| 22:01 | Construir | Fish Trap |
| 22:20 | Construir | House |
| 22:30 | Construir | House |
| 22:33 | Construir | Fish Trap |
| 22:37 | Construir | Fish Trap |
| 22:41 | Construir | Fish Trap |
| 22:48 | Construir | Fish Trap |
| 22:50 | Investigar | Scale Mail Armor |
| 23:16 | Construir | Fish Trap |
| 23:19 | Construir | House |
| 23:24 | Investigar | Gold Mining |
| 23:33 | Crear | Fishing Ship |
| 23:33 | Crear | Fishing Ship |
| 23:34 | Crear | Fishing Ship |
| 23:34 | Crear | Fishing Ship |
Build order — Sir Implosive Plopper
Primeras 150 de 419 acciones detectadas
| 0:00 | Crear | Villager (Male) |
| 0:01 | Crear | Villager (Male) |
| 0:01 | Crear | Villager (Male) |
| 0:02 | Construir | House |
| 0:03 | Construir | House |
| 0:20 | Crear | Villager (Male) |
| 0:21 | Crear | Villager (Male) |
| 0:36 | Construir | Lumber Camp |
| 1:43 | Crear | Villager (Male) |
| 2:16 | Crear | Villager (Male) |
| 2:50 | Crear | Villager (Male) |
| 2:50 | Crear | Villager (Male) |
| 3:32 | Construir | Dock |
| 3:34 | Crear | Villager (Male) |
| 3:47 | Construir | House |
| 4:07 | Crear | Villager (Male) |
| 4:32 | Crear | Villager (Male) |
| 4:49 | Crear | Fishing Ship |
| 4:51 | Crear | Villager (Male) |
| 5:10 | Crear | Villager (Male) |
| 5:22 | Crear | Fishing Ship |
| 5:26 | Construir | House |
| 5:36 | Investigar | Loom |
| 5:38 | Crear | Villager (Male) |
| 6:04 | Crear | Fishing Ship |
| 6:22 | Crear | Villager (Male) |
| 6:33 | Crear | Fishing Ship |
| 6:33 | Crear | Villager (Male) |
| 7:15 | Construir | House |
| 7:16 | Construir | Palisade Wall |
| 7:20 | Crear | Villager (Male) |
| 7:21 | Crear | Fishing Ship |
| 7:44 | Crear | Villager (Male) |
| 7:50 | Construir | Palisade Wall |
| 7:51 | Construir | Palisade Wall |
| 7:52 | Construir | Palisade Wall |
| 7:53 | Construir | Palisade Wall |
| 7:55 | Construir | Palisade Wall |
| 7:57 | Construir | Palisade Wall |
| 7:57 | Crear | Villager (Male) |
| 8:03 | Crear | Villager (Male) |
| 8:03 | Crear | Fishing Ship |
| 8:09 | Construir | House |
| 8:20 | Construir | Palisade Wall |
| 8:23 | Construir | Palisade Wall |
| 8:30 | Construir | House |
| 8:46 | Crear | Villager (Male) |
| 9:08 | Crear | Villager (Male) |
| 9:14 | Construir | Palisade Wall |
| 9:16 | Construir | Palisade Wall |
| 9:18 | Construir | Palisade Wall |
| 9:26 | Crear | Villager (Male) |
| 9:33 | Crear | Fishing Ship |
| 9:35 | Construir | Mill |
| 10:06 | Construir | Lumber Camp |
| 10:16 | Crear | Fishing Ship |
| 10:31 | Investigar | Feudal Age |
| 10:36 | Construir | House |
| 10:37 | Construir | House |
| 10:46 | Crear | Villager (Male) |
| 11:03 | Crear | Villager (Male) |
| 11:30 | Crear | Villager (Male) |
| 11:46 | Construir | Palisade Wall |
| 11:53 | Construir | Palisade Wall |
| 11:53 | Construir | Palisade Wall |
| 11:55 | Construir | Palisade Wall |
| 11:56 | Construir | Palisade Wall |
| 11:56 | Crear | Villager (Male) |
| 11:59 | Construir | Lumber Camp |
| 12:09 | Construir | Palisade Wall |
| 12:12 | Construir | Mining Camp |
| 12:20 | Construir | Palisade Wall |
| 12:31 | Construir | Palisade Wall |
| 12:32 | Construir | Palisade Wall |
| 12:33 | Construir | Palisade Wall |
| 12:34 | Edad | Edad Feudal |
| 12:37 | Investigar | Double-Bit Axe |
| 12:43 | Construir | Stone Wall |
| 12:45 | Construir | Stone Wall |
| 12:45 | Construir | Stone Wall |
| 12:46 | Construir | Stone Wall |
| 12:46 | Construir | Stone Wall |
| 12:58 | Construir | Fish Trap |
| 13:06 | Construir | House |
| 13:08 | Construir | House |
| 13:10 | Construir | Palisade Wall |
| 13:12 | Construir | House |
| 13:14 | Construir | Palisade Wall |
| 13:15 | Construir | Stone Wall |
| 13:20 | Construir | Stone Wall |
| 13:28 | Construir | Stone Wall |
| 13:30 | Construir | Stone Wall |
| 13:33 | Construir | Stone Wall |
| 13:37 | Construir | Stone Wall |
| 13:40 | Construir | Stone Wall |
| 13:42 | Crear | Villager (Male) |
| 13:45 | Construir | Stone Wall |
| 13:47 | Construir | Stone Wall |
| 13:54 | Construir | Stone Wall |
| 13:58 | Crear | Villager (Male) |
| 14:12 | Construir | Fish Trap |
| 14:17 | Construir | Stone Wall |
| 14:35 | Construir | Stone Wall |
| 14:38 | Construir | Stone Wall |
| 14:47 | Crear | Villager (Male) |
| 14:51 | Construir | Palisade Wall |
| 14:58 | Crear | Villager (Male) |
| 15:13 | Construir | Fish Trap |
| 15:15 | Construir | Fish Trap |
| 15:20 | Construir | Fish Trap |
| 15:23 | Construir | Fish Trap |
| 15:25 | Construir | Fish Trap |
| 15:27 | Construir | Stone Wall |
| 15:28 | Construir | Stone Wall |
| 15:36 | Construir | Building 490 |
| 15:38 | Construir | Stone Wall |
| 15:41 | Crear | Villager (Male) |
| 15:47 | Construir | Stone Wall |
| 15:48 | Construir | Stone Wall |
| 15:50 | Crear | Villager (Male) |
| 16:00 | Crear | Villager (Male) |
| 16:31 | Construir | Stone Wall |
| 16:35 | Construir | Dock |
| 16:38 | Construir | House |
| 16:39 | Construir | House |
| 16:39 | Construir | House |
| 16:48 | Construir | Stone Wall |
| 16:50 | Crear | Villager (Male) |
| 16:53 | Construir | Farm |
| 17:06 | Crear | Villager (Male) |
| 17:12 | Crear | Demolition Raft |
| 17:18 | Crear | Fishing Ship |
| 17:19 | Crear | Fishing Ship |
| 17:24 | Construir | Farm |
| 17:36 | Construir | Stone Wall |
| 17:37 | Crear | Villager (Male) |
| 17:40 | Construir | Stone Wall |
| 17:41 | Construir | Stone Wall |
| 17:41 | Construir | Stone Wall |
| 17:51 | Construir | Stone Wall |
| 17:52 | Construir | Stone Wall |
| 17:53 | Construir | Stone Wall |
| 17:54 | Construir | Stone Wall |
| 17:54 | Construir | Stone Wall |
| 17:59 | Crear | Villager (Male) |
| 18:04 | Construir | Farm |
| 18:06 | Crear | Villager (Male) |
| 18:09 | Construir | Palisade Wall |
| 18:11 | Crear | Villager (Male) |
| 18:28 | Construir | Market |
Build order — Firebeer
Primeras 150 de 301 acciones detectadas
| 0:00 | Crear | Villager (Male) |
| 0:01 | Crear | Villager (Male) |
| 0:01 | Crear | Villager (Male) |
| 0:04 | Construir | House |
| 0:05 | Construir | House |
| 0:14 | Crear | Villager (Male) |
| 1:29 | Crear | Villager (Male) |
| 1:54 | Construir | Settlement |
| 1:59 | Crear | Villager (Male) |
| 2:28 | Crear | Villager (Male) |
| 2:37 | Crear | Villager (Male) |
| 3:08 | Crear | Villager (Male) |
| 3:48 | Crear | Villager (Male) |
| 3:48 | Crear | Villager (Male) |
| 4:18 | Construir | House |
| 4:33 | Crear | Villager (Male) |
| 4:50 | Construir | House |
| 4:52 | Crear | Villager (Male) |
| 5:18 | Crear | Villager (Male) |
| 5:32 | Construir | Barracks |
| 5:47 | Crear | Villager (Male) |
| 6:03 | Crear | Villager (Male) |
| 6:05 | Crear | Villager (Male) |
| 6:33 | Construir | House |
| 6:42 | Construir | Building 796 |
| 6:46 | Crear | Villager (Male) |
| 7:13 | Construir | Settlement |
| 7:19 | Crear | Villager (Male) |
| 7:54 | Crear | Villager (Male) |
| 8:21 | Investigar | Feudal Age |
| 9:08 | Crear | Villager (Male) |
| 9:08 | Crear | Villager (Male) |
| 10:33 | Edad | Edad Feudal |
| 10:37 | Construir | Stone Wall |
| 10:40 | Construir | Blacksmith |
| 10:44 | Construir | Archery Range |
| 10:45 | Crear | Villager (Male) |
| 11:57 | Construir | Archery Range |
| 12:13 | Investigar | Castle Age |
| 13:05 | Crear | Villager (Male) |
| 13:31 | Investigar | Horse Collar |
| 13:35 | Construir | Farm |
| 13:35 | Construir | Farm |
| 13:35 | Construir | Farm |
| 13:36 | Construir | Farm |
| 13:36 | Construir | Farm |
| 14:09 | Investigar | Double-Bit Axe |
| 14:12 | Construir | Farm |
| 14:13 | Construir | Farm |
| 14:37 | Crear | Villager (Male) |
| 14:53 | Edad | Edad de los Castillos |
| 14:54 | Crear | Bolas Rider |
| 14:54 | Crear | Bolas Rider |
| 15:04 | Investigar | Fletching |
| 15:09 | Crear | Bolas Rider |
| 15:09 | Crear | Bolas Rider |
| 15:12 | Crear | Villager (Male) |
| 15:33 | Crear | Bolas Rider |
| 15:33 | Crear | Bolas Rider |
| 15:39 | Crear | Villager (Male) |
| 15:42 | Construir | Farm |
| 16:03 | Crear | Bolas Rider |
| 16:03 | Crear | Bolas Rider |
| 16:04 | Crear | Villager (Male) |
| 16:33 | Crear | Villager (Male) |
| 16:36 | Construir | Farm |
| 16:36 | Construir | Farm |
| 16:37 | Construir | Farm |
| 16:46 | Crear | Villager (Male) |
| 16:46 | Crear | Villager (Male) |
| 16:59 | Crear | Bolas Rider |
| 16:59 | Crear | Bolas Rider |
| 17:57 | Crear | Villager (Male) |
| 17:58 | Crear | Villager (Male) |
| 18:00 | Construir | House |
| 18:00 | Construir | House |
| 18:01 | Construir | House |
| 18:27 | Crear | Villager (Male) |
| 18:29 | Investigar | Bodkin Arrow |
| 18:36 | Crear | Villager (Male) |
| 18:40 | Construir | Siege Workshop |
| 19:04 | Crear | Bolas Rider |
| 19:05 | Crear | Bolas Rider |
| 19:20 | Crear | Villager (Male) |
| 19:38 | Crear | Villager (Male) |
| 19:42 | Investigar | Bow Saw |
| 19:46 | Crear | Bolas Rider |
| 19:50 | Crear | Villager (Male) |
| 20:17 | Construir | House |
| 20:26 | Investigar | Padded Archer Armor |
| 20:32 | Crear | Mangonel |
| 20:36 | Crear | Villager (Male) |
| 20:46 | Crear | Bolas Rider |
| 20:46 | Crear | Bolas Rider |
| 20:51 | Construir | House |
| 21:15 | Crear | Villager (Male) |
| 21:23 | Construir | House |
| 21:25 | Crear | Villager (Male) |
| 21:28 | Construir | Town Center |
| 21:53 | Crear | Villager (Male) |
| 21:56 | Investigar | Loom |
| 22:09 | Crear | Mangonel |
| 22:20 | Crear | Villager (Male) |
| 22:20 | Crear | Villager (Male) |
| 23:13 | Crear | Bolas Rider |
| 23:14 | Crear | Bolas Rider |
| 23:14 | Crear | Bolas Rider |
| 23:20 | Crear | Villager (Male) |
| 23:21 | Crear | Villager (Male) |
| 23:21 | Crear | Villager (Male) |
| 23:21 | Crear | Villager (Male) |
| 23:22 | Crear | Villager (Male) |
| 23:22 | Crear | Villager (Male) |
| 23:22 | Crear | Villager (Male) |
| 23:42 | Crear | Villager (Male) |
| 23:45 | Construir | Farm |
| 23:45 | Construir | Farm |
| 23:46 | Construir | Farm |
| 23:46 | Construir | Farm |
| 23:46 | Construir | Farm |
| 23:46 | Construir | Farm |
| 23:47 | Construir | Farm |
| 23:47 | Construir | Farm |
| 23:47 | Construir | Farm |
| 23:47 | Construir | Farm |
| 23:47 | Construir | Farm |
| 23:50 | Crear | Villager (Male) |
| 24:15 | Construir | Farm |
| 25:16 | Crear | Villager (Male) |
| 25:16 | Crear | Villager (Male) |
| 25:16 | Crear | Villager (Male) |
| 25:16 | Crear | Villager (Male) |
| 25:17 | Crear | Villager (Male) |
| 25:17 | Crear | Villager (Male) |
| 25:17 | Crear | Villager (Male) |
| 25:52 | Crear | Villager (Male) |
| 25:52 | Crear | Villager (Male) |
| 25:52 | Crear | Villager (Male) |
| 25:53 | Crear | Villager (Male) |
| 25:53 | Crear | Villager (Male) |
| 26:01 | Crear | Villager (Male) |
| 26:07 | Investigar | Wheelbarrow |
| 26:11 | Investigar | Heavy Plow |
| 26:37 | Investigar | Stone Mining |
| 26:39 | Investigar | Gold Mining |
| 26:50 | Construir | Town Center |
| 26:51 | Crear | Villager (Male) |
| 27:00 | Crear | Bolas Rider |
| 27:00 | Crear | Bolas Rider |
| 27:29 | Crear | Mangonel |
Build order — KnightLifeAoC
Primeras 150 de 295 acciones detectadas
| 0:02 | Crear | Villager (Male) |
| 0:02 | Crear | Villager (Male) |
| 0:02 | Crear | Villager (Male) |
| 0:04 | Construir | House |
| 0:05 | Construir | House |
| 0:08 | Crear | Villager (Male) |
| 0:34 | Investigar | Loom |
| 0:45 | Crear | Villager (Male) |
| 0:45 | Crear | Villager (Male) |
| 0:45 | Crear | Villager (Male) |
| 1:41 | Crear | Villager (Male) |
| 2:34 | Crear | Villager (Male) |
| 2:34 | Crear | Villager (Male) |
| 2:45 | Construir | Palisade Wall |
| 3:01 | Crear | Villager (Male) |
| 3:29 | Crear | Villager (Male) |
| 3:29 | Crear | Villager (Male) |
| 3:49 | Crear | Villager (Male) |
| 4:18 | Crear | Villager (Male) |
| 4:19 | Crear | Villager (Male) |
| 4:40 | Crear | Villager (Male) |
| 4:40 | Crear | Villager (Male) |
| 5:12 | Crear | Villager (Male) |
| 5:23 | Construir | House |
| 5:40 | Crear | Villager (Male) |
| 5:43 | Construir | Palisade Wall |
| 5:50 | Construir | Lumber Camp |
| 5:59 | Construir | Palisade Wall |
| 6:11 | Construir | Palisade Wall |
| 6:15 | Construir | Palisade Wall |
| 6:18 | Crear | Villager (Male) |
| 6:32 | Crear | Villager (Male) |
| 6:50 | Construir | Palisade Wall |
| 6:54 | Construir | Palisade Wall |
| 6:55 | Construir | Palisade Wall |
| 7:00 | Crear | Villager (Male) |
| 7:00 | Crear | Villager (Male) |
| 7:21 | Construir | Mill |
| 7:28 | Crear | Villager (Male) |
| 7:51 | Crear | Villager (Male) |
| 7:55 | Construir | House |
| 8:01 | Construir | Outpost |
| 8:02 | Construir | Outpost |
| 8:05 | Construir | Palisade Wall |
| 8:07 | Crear | Villager (Male) |
| 8:42 | Crear | Villager (Male) |
| 9:04 | Crear | Villager (Male) |
| 9:15 | Construir | Palisade Wall |
| 9:16 | Construir | Palisade Wall |
| 9:17 | Construir | Palisade Wall |
| 9:53 | Crear | Villager (Male) |
| 9:54 | Crear | Villager (Male) |
| 10:22 | Construir | House |
| 10:39 | Crear | Villager (Male) |
| 10:42 | Construir | Farm |
| 10:46 | Construir | Farm |
| 10:47 | Construir | Farm |
| 10:53 | Construir | Farm |
| 10:59 | Crear | Villager (Male) |
| 11:09 | Construir | Farm |
| 11:15 | Crear | Villager (Male) |
| 11:26 | Crear | Villager (Male) |
| 11:29 | Construir | Farm |
| 11:46 | Construir | Farm |
| 11:48 | Crear | Villager (Male) |
| 12:00 | Investigar | Feudal Age |
| 12:11 | Construir | Mining Camp |
| 12:49 | Crear | Villager (Male) |
| 12:49 | Crear | Villager (Male) |
| 14:10 | Edad | Edad Feudal |
| 14:13 | Construir | Market |
| 14:17 | Construir | Blacksmith |
| 15:03 | Investigar | Castle Age |
| 15:19 | Construir | Building 665 |
| 15:20 | Construir | Stone Wall |
| 15:50 | Construir | Stone Wall |
| 15:58 | Investigar | Double-Bit Axe |
| 15:58 | Investigar | Horse Collar |
| 15:59 | Investigar | Horse Collar |
| 16:24 | Construir | House |
| 16:25 | Construir | House |
| 16:25 | Construir | House |
| 16:28 | Construir | House |
| 16:36 | Crear | Villager (Male) |
| 16:36 | Crear | Villager (Male) |
| 16:51 | Construir | Stone Wall |
| 16:57 | Construir | Stone Wall |
| 17:36 | Construir | Building 800 |
| 17:43 | Edad | Edad de los Castillos |
| 17:48 | Construir | Town Center |
| 17:51 | Investigar | Bow Saw |
| 17:52 | Investigar | Heavy Plow |
| 18:03 | Construir | Monastery |
| 18:12 | Construir | Town Center |
| 18:15 | Construir | Palisade Wall |
| 18:21 | Construir | House |
| 18:26 | Crear | Villager (Male) |
| 18:55 | Crear | Villager (Male) |
| 18:56 | Crear | Monk |
| 19:03 | Crear | Villager (Male) |
| 19:09 | Crear | Villager (Male) |
| 19:09 | Crear | Villager (Male) |
| 19:32 | Construir | Farm |
| 19:35 | Construir | Farm |
| 19:37 | Construir | Farm |
| 19:38 | Construir | Farm |
| 19:42 | Construir | Farm |
| 19:43 | Crear | Villager (Male) |
| 19:43 | Crear | Villager (Male) |
| 19:45 | Construir | Farm |
| 19:52 | Crear | Villager (Male) |
| 19:52 | Crear | Villager (Male) |
| 19:55 | Construir | Farm |
| 20:05 | Crear | Villager (Male) |
| 20:05 | Crear | Villager (Male) |
| 20:17 | Construir | Farm |
| 20:18 | Crear | Villager (Male) |
| 20:18 | Crear | Villager (Male) |
| 20:28 | Crear | Villager (Male) |
| 20:35 | Crear | Villager (Male) |
| 20:35 | Crear | Villager (Male) |
| 20:42 | Construir | Farm |
| 20:46 | Crear | Villager (Male) |
| 20:46 | Crear | Villager (Male) |
| 21:13 | Crear | Villager (Male) |
| 21:13 | Crear | Villager (Male) |
| 21:13 | Crear | Villager (Male) |
| 21:31 | Crear | Villager (Male) |
| 21:31 | Crear | Villager (Male) |
| 21:39 | Crear | Villager (Male) |
| 21:45 | Construir | House |
| 21:45 | Construir | House |
| 21:46 | Construir | House |
| 21:50 | Crear | Villager (Male) |
| 21:50 | Crear | Villager (Male) |
| 21:59 | Construir | Farm |
| 22:01 | Crear | Villager (Male) |
| 22:01 | Crear | Villager (Male) |
| 22:10 | Construir | Farm |
| 22:13 | Crear | Villager (Male) |
| 22:13 | Crear | Villager (Male) |
| 22:16 | Crear | Villager (Male) |
| 22:16 | Crear | Villager (Male) |
| 22:38 | Construir | Castle |
| 22:42 | Investigar | Fletching |
| 22:48 | Construir | Farm |
| 22:51 | Construir | Farm |
| 22:53 | Construir | Farm |
| 22:57 | Construir | Farm |
| 23:01 | Construir | Lumber Camp |
Build order — TheLightWithinAllBeings_
Primeras 150 de 466 acciones detectadas
| 0:02 | Crear | Villager (Male) |
| 0:04 | Construir | House |
| 0:05 | Construir | House |
| 0:08 | Crear | Villager (Male) |
| 0:24 | Crear | Villager (Male) |
| 0:26 | Crear | Villager (Male) |
| 1:28 | Crear | Villager (Male) |
| 1:47 | Construir | Lumber Camp |
| 1:58 | Crear | Villager (Male) |
| 1:58 | Crear | Villager (Male) |
| 2:11 | Crear | Villager (Male) |
| 2:49 | Crear | Villager (Male) |
| 3:10 | Crear | Villager (Male) |
| 3:39 | Crear | Villager (Male) |
| 4:05 | Crear | Villager (Male) |
| 4:12 | Construir | House |
| 4:23 | Crear | Villager (Male) |
| 4:41 | Crear | Villager (Male) |
| 4:57 | Crear | Villager (Male) |
| 5:21 | Crear | Villager (Male) |
| 5:25 | Construir | Barracks |
| 5:57 | Crear | Villager (Male) |
| 6:06 | Construir | House |
| 6:16 | Investigar | Loom |
| 7:07 | Crear | Villager (Male) |
| 7:22 | Construir | Mining Camp |
| 7:29 | Investigar | Feudal Age |
| 7:29 | Investigar | Feudal Age |
| 7:32 | Crear | Militia |
| 7:56 | Crear | Militia |
| 8:06 | Construir | House |
| 8:13 | Crear | Militia |
| 8:50 | Edad | Edad Feudal |
| 8:54 | Construir | Archery Range |
| 8:56 | Investigar | Man-at-Arms (upgrade) |
| 8:57 | Crear | Villager (Male) |
| 9:05 | Crear | Villager (Male) |
| 9:33 | Crear | Villager (Male) |
| 9:36 | Construir | Mill |
| 9:38 | Construir | House |
| 9:48 | Crear | Archer |
| 9:58 | Crear | Villager (Male) |
| 9:58 | Crear | Villager (Male) |
| 10:17 | Crear | Villager (Male) |
| 10:18 | Construir | Farm |
| 10:19 | Crear | Archer |
| 10:32 | Construir | Palisade Wall |
| 10:44 | Construir | Farm |
| 10:58 | Construir | Farm |
| 10:59 | Crear | Villager (Male) |
| 10:59 | Crear | Villager (Male) |
| 11:11 | Crear | Archer |
| 11:23 | Construir | Farm |
| 11:27 | Crear | Villager (Male) |
| 11:28 | Crear | Villager (Male) |
| 11:36 | Crear | Archer |
| 11:39 | Construir | Farm |
| 11:47 | Crear | Villager (Male) |
| 11:59 | Construir | House |
| 12:01 | Construir | Palisade Wall |
| 12:10 | Crear | Villager (Male) |
| 12:25 | Crear | Archer |
| 12:28 | Construir | Building 800 |
| 12:29 | Construir | Palisade Wall |
| 12:35 | Crear | Villager (Male) |
| 12:53 | Crear | Villager (Male) |
| 13:05 | Construir | House |
| 13:13 | Crear | Archer |
| 13:19 | Construir | Blacksmith |
| 13:20 | Construir | Palisade Wall |
| 13:22 | Construir | Palisade Wall |
| 13:28 | Crear | Villager (Male) |
| 13:32 | Construir | Palisade Wall |
| 13:50 | Crear | Archer |
| 13:52 | Construir | Palisade Wall |
| 14:01 | Investigar | Fletching |
| 14:14 | Crear | Villager (Male) |
| 14:16 | Construir | Farm |
| 14:23 | Crear | Archer |
| 14:23 | Crear | Villager (Male) |
| 14:26 | Construir | Farm |
| 14:30 | Construir | Farm |
| 14:36 | Construir | Palisade Wall |
| 14:37 | Construir | Palisade Wall |
| 14:37 | Construir | Palisade Wall |
| 14:39 | Construir | Palisade Wall |
| 14:39 | Construir | Palisade Wall |
| 14:40 | Construir | Palisade Wall |
| 14:40 | Construir | Palisade Wall |
| 14:43 | Crear | Archer |
| 14:44 | Crear | Villager (Male) |
| 14:54 | Construir | Palisade Wall |
| 14:58 | Construir | Palisade Wall |
| 15:01 | Crear | Archer |
| 15:02 | Crear | Villager (Male) |
| 15:24 | Crear | Villager (Male) |
| 15:25 | Crear | Archer |
| 15:30 | Construir | Farm |
| 15:39 | Crear | Archer |
| 15:45 | Construir | Farm |
| 15:58 | Crear | Archer |
| 16:06 | Crear | Villager (Male) |
| 16:10 | Construir | Farm |
| 16:15 | Construir | House |
| 16:25 | Construir | Palisade Wall |
| 16:27 | Construir | Palisade Wall |
| 16:33 | Construir | Palisade Wall |
| 16:37 | Crear | Villager (Male) |
| 16:39 | Crear | Archer |
| 16:51 | Construir | Market |
| 16:59 | Crear | Archer |
| 17:00 | Crear | Villager (Male) |
| 17:22 | Crear | Archer |
| 17:24 | Construir | Palisade Wall |
| 17:36 | Crear | Villager (Male) |
| 17:38 | Construir | Farm |
| 17:49 | Construir | House |
| 18:12 | Investigar | Castle Age |
| 18:30 | Construir | Farm |
| 18:47 | Crear | Archer |
| 18:52 | Investigar | Double-Bit Axe |
| 19:05 | Crear | Archer |
| 19:26 | Crear | Archer |
| 19:44 | Crear | Villager (Male) |
| 19:45 | Construir | House |
| 19:47 | Construir | House |
| 19:48 | Edad | Edad de los Castillos |
| 19:53 | Investigar | Bodkin Arrow |
| 20:06 | Crear | Villager (Male) |
| 20:19 | Construir | House |
| 20:29 | Investigar | Crossbowman (upgrade) |
| 20:30 | Investigar | Crossbowman (upgrade) |
| 20:30 | Crear | Villager (Male) |
| 20:48 | Crear | Villager (Male) |
| 20:56 | Construir | Town Center |
| 21:19 | Crear | Villager (Male) |
| 21:21 | Construir | Town Center |
| 21:38 | Crear | Villager (Male) |
| 22:00 | Crear | Villager (Male) |
| 22:17 | Crear | Villager (Male) |
| 22:19 | Crear | Villager (Male) |
| 22:20 | Crear | Villager (Male) |
| 22:24 | Construir | Town Center |
| 22:43 | Crear | Villager (Male) |
| 22:55 | Crear | Villager (Male) |
| 22:55 | Crear | Villager (Male) |
| 23:02 | Crear | Villager (Male) |
| 23:03 | Crear | Villager (Male) |
| 23:10 | Crear | Villager (Male) |
| 23:10 | Crear | Villager (Male) |
Cronología de la partida
| 0:58 | scorpion145 · wall_segment Palisade Wall x1 |
| 1:06 | scorpion145 · wall_segment Palisade Wall x1 |
| 2:16 | scorpion145 · wall_segment Palisade Wall x1 |
| 2:17 | scorpion145 · wall_segment Palisade Wall x1 |
| 2:21 | scorpion145 · wall_segment Palisade Wall x1 |
| 2:25 | scorpion145 · wall_segment Palisade Wall x1 |
| 2:31 | scorpion145 · wall_segment Palisade Wall x1 |
| 2:32 | scorpion145 · wall_segment Palisade Wall x1 |
| 2:34 | scorpion145 · wall_segment Palisade Wall x1 |
| 2:36 | scorpion145 · wall_segment Palisade Wall x1 |
| 2:39 | scorpion145 · wall_segment Palisade Wall x1 |
| 2:42 | scorpion145 · wall_segment Palisade Wall x1 |
| 2:45 | KnightLifeAoC · wall_segment Palisade Wall x1 |
| 2:57 | scorpion145 · wall_segment Palisade Wall x1 |
| 3:32 | Sir Implosive Plopper · first_building Dock |
| 3:35 | scorpion145 · wall_segment Palisade Wall x1 |
| 4:00 | scorpion145 · wall_segment Palisade Wall x1 |
| 4:08 | scorpion145 · wall_segment Palisade Wall x1 |
| 4:44 | Osama · first_building Dock |
| 5:25 | TheLightWithinAllBeings_ · first_building Barracks |
| 5:30 | scorpion145 · wall_segment Palisade Wall x1 |
| 5:31 | scorpion145 · wall_segment Palisade Wall x1 |
| 5:32 | Firebeer · first_building Barracks |
| 5:33 | scorpion145 · wall_segment Palisade Wall x1 |
| 5:43 | KnightLifeAoC · wall_segment Palisade Wall x1 |
| 5:45 | NakedNipples · first_building Dock |
| 5:46 | scorpion145 · wall_segment Palisade Wall x1 |
| 5:59 | KnightLifeAoC · wall_segment Palisade Wall x1 |
| 6:11 | KnightLifeAoC · wall_segment Palisade Wall x1 |
| 6:15 | KnightLifeAoC · wall_segment Palisade Wall x6 |
| 6:24 | scorpion145 · wall_segment Palisade Wall x6 |
| 6:50 | KnightLifeAoC · wall_segment Palisade Wall x1 |
| 6:54 | KnightLifeAoC · wall_segment Palisade Wall x7 |
| 6:55 | KnightLifeAoC · wall_segment Palisade Wall x1 |
| 7:16 | Sir Implosive Plopper · wall_segment Palisade Wall x1 |
| 7:29 | NakedNipples · first_building Barracks |
| 7:50 | Sir Implosive Plopper · wall_segment Palisade Wall x1 |
| 7:51 | Sir Implosive Plopper · wall_segment Palisade Wall x1 |
| 7:52 | Sir Implosive Plopper · wall_segment Palisade Wall x1 |
| 7:53 | Sir Implosive Plopper · wall_segment Palisade Wall x1 |
| 7:55 | Sir Implosive Plopper · wall_segment Palisade Wall x1 |
| 7:57 | Sir Implosive Plopper · wall_segment Palisade Wall x1 |
| 8:05 | KnightLifeAoC · wall_segment Palisade Wall x2 |
| 8:09 | scorpion145 · wall_segment Palisade Wall x1 |
| 8:12 | scorpion145 · wall_segment Palisade Wall x1 |
| 8:15 | Osama · first_building Barracks |
| 8:20 | Sir Implosive Plopper · wall_segment Palisade Wall x1 |
| 8:23 | Sir Implosive Plopper · wall_segment Palisade Wall x1 |
| 8:43 | NakedNipples · wall_segment Palisade Wall x1 |
| 8:46 | NakedNipples · wall_segment Palisade Wall x1 |
| 8:47 | NakedNipples · wall_segment Palisade Wall x1 |
| 8:50 | TheLightWithinAllBeings_ · age_up feudal |
| 8:54 | TheLightWithinAllBeings_ · first_building Archery Range |
| 9:09 | NakedNipples · age_up feudal |
| 9:11 | NakedNipples · first_building Archery Range |
| 9:14 | Sir Implosive Plopper · wall_segment Palisade Wall x1 |
| 9:15 | KnightLifeAoC · wall_segment Palisade Wall x1 |
| 9:16 | KnightLifeAoC · wall_segment Palisade Wall x1 |
| 9:16 | Sir Implosive Plopper · wall_segment Palisade Wall x1 |
| 9:17 | KnightLifeAoC · wall_segment Palisade Wall x1 |
| 9:18 | Sir Implosive Plopper · wall_segment Palisade Wall x1 |
| 9:23 | NakedNipples · wall_segment Stone Wall x7 |
| 9:37 | Osama · age_up feudal |
| 9:50 | Cyborg · first_building Barracks |
| 10:13 | Cyborg · wall_segment Palisade Wall x1 |
| 10:14 | Cyborg · wall_segment Palisade Wall x1 |
| 10:32 | TheLightWithinAllBeings_ · wall_segment Palisade Wall x12 |
| 10:33 | Firebeer · age_up feudal |
| 10:37 | Firebeer · wall_segment Stone Wall x5 |
| 10:44 | Firebeer · first_building Archery Range |
| 10:58 | Cyborg · age_up feudal |
| 11:02 | Cyborg · first_building Stable |
| 11:19 | scorpion145 · wall_segment Palisade Wall x9 |
| 11:42 | Cyborg · wall_segment Palisade Wall x1 |
| 11:44 | Cyborg · wall_segment Palisade Wall x1 |
| 11:46 | Sir Implosive Plopper · wall_segment Palisade Wall x10 |
| 11:53 | Sir Implosive Plopper · wall_segment Palisade Wall x1 |
| 11:53 | Sir Implosive Plopper · wall_segment Palisade Wall x1 |
| 11:55 | Sir Implosive Plopper · wall_segment Palisade Wall x1 |
| 11:56 | Sir Implosive Plopper · wall_segment Palisade Wall x1 |
| 12:01 | TheLightWithinAllBeings_ · wall_segment Palisade Wall x10 |
| 12:09 | Sir Implosive Plopper · wall_segment Palisade Wall x10 |
| 12:20 | Sir Implosive Plopper · wall_segment Palisade Wall x5 |
| 12:25 | Cyborg · wall_segment Palisade Wall x1 |
| 12:29 | TheLightWithinAllBeings_ · wall_segment Palisade Wall x10 |
| 12:31 | Sir Implosive Plopper · wall_segment Palisade Wall x5 |
| 12:32 | Sir Implosive Plopper · wall_segment Palisade Wall x1 |
| 12:33 | Sir Implosive Plopper · wall_segment Palisade Wall x1 |
| 12:34 | Sir Implosive Plopper · age_up feudal |
| 12:43 | Sir Implosive Plopper · wall_segment Stone Wall x1 |
| 12:45 | Sir Implosive Plopper · wall_segment Stone Wall x1 |
| 12:45 | Sir Implosive Plopper · wall_segment Stone Wall x1 |
| 12:46 | Sir Implosive Plopper · wall_segment Stone Wall x1 |
| 12:46 | Sir Implosive Plopper · wall_segment Stone Wall x1 |
| 12:48 | Cyborg · wall_segment Palisade Wall x1 |
| 13:10 | Sir Implosive Plopper · wall_segment Palisade Wall x1 |
| 13:14 | Sir Implosive Plopper · wall_segment Palisade Wall x1 |
| 13:15 | Sir Implosive Plopper · wall_segment Stone Wall x1 |
| 13:20 | TheLightWithinAllBeings_ · wall_segment Palisade Wall x4 |
| 13:20 | Sir Implosive Plopper · wall_segment Stone Wall x1 |
| 13:22 | TheLightWithinAllBeings_ · wall_segment Palisade Wall x3 |
| 13:28 | Sir Implosive Plopper · wall_segment Stone Wall x1 |
| 13:30 | Sir Implosive Plopper · wall_segment Stone Wall x1 |
| 13:32 | TheLightWithinAllBeings_ · wall_segment Palisade Wall x1 |
| 13:33 | Sir Implosive Plopper · wall_segment Stone Wall x1 |
| 13:37 | Sir Implosive Plopper · wall_segment Stone Wall x1 |
| 13:37 | scorpion145 · age_up feudal |
| 13:40 | Sir Implosive Plopper · wall_segment Stone Wall x1 |
| 13:43 | NakedNipples · wall_segment Stone Wall x7 |
| 13:44 | scorpion145 · wall_segment Stone Wall x3 |
| 13:45 | Sir Implosive Plopper · wall_segment Stone Wall x1 |
| 13:46 | scorpion145 · wall_segment Stone Wall x4 |
| 13:47 | Sir Implosive Plopper · wall_segment Stone Wall x1 |
| 13:52 | TheLightWithinAllBeings_ · wall_segment Palisade Wall x1 |
| 13:54 | Sir Implosive Plopper · wall_segment Stone Wall x1 |
| 14:10 | KnightLifeAoC · age_up feudal |
| 14:17 | Sir Implosive Plopper · wall_segment Stone Wall x3 |
| 14:21 | NakedNipples · wall_segment Stone Wall x4 |
| 14:34 | Cyborg · age_up castle |
| 14:35 | Sir Implosive Plopper · wall_segment Stone Wall x1 |
| 14:36 | TheLightWithinAllBeings_ · wall_segment Palisade Wall x1 |
| 14:37 | TheLightWithinAllBeings_ · wall_segment Palisade Wall x1 |
| 14:37 | TheLightWithinAllBeings_ · wall_segment Palisade Wall x1 |
| 14:38 | Sir Implosive Plopper · wall_segment Stone Wall x1 |
| 14:39 | TheLightWithinAllBeings_ · wall_segment Palisade Wall x1 |
| 14:39 | TheLightWithinAllBeings_ · wall_segment Palisade Wall x1 |
| 14:40 | TheLightWithinAllBeings_ · wall_segment Palisade Wall x1 |
| 14:40 | TheLightWithinAllBeings_ · wall_segment Palisade Wall x1 |
| 14:51 | Sir Implosive Plopper · wall_segment Palisade Wall x1 |
| 14:53 | Firebeer · age_up castle |
| 14:54 | TheLightWithinAllBeings_ · wall_segment Palisade Wall x9 |
| 14:58 | TheLightWithinAllBeings_ · wall_segment Palisade Wall x11 |
| 15:20 | KnightLifeAoC · wall_segment Stone Wall x1 |
| 15:25 | scorpion145 · wall_segment Stone Wall x1 |
| 15:27 | Sir Implosive Plopper · wall_segment Stone Wall x3 |
| 15:27 | scorpion145 · wall_segment Stone Wall x10 |
| 15:28 | Sir Implosive Plopper · wall_segment Stone Wall x1 |
| 15:38 | Sir Implosive Plopper · wall_segment Stone Wall x1 |
| 15:47 | Sir Implosive Plopper · wall_segment Stone Wall x1 |
| 15:48 | Sir Implosive Plopper · wall_segment Stone Wall x1 |
| 15:50 | KnightLifeAoC · wall_segment Stone Wall x9 |
| 16:04 | NakedNipples · wall_segment Stone Wall x3 |
| 16:25 | TheLightWithinAllBeings_ · wall_segment Palisade Wall x4 |
| 16:27 | TheLightWithinAllBeings_ · wall_segment Palisade Wall x6 |
| 16:31 | Sir Implosive Plopper · wall_segment Stone Wall x1 |
| 16:33 | TheLightWithinAllBeings_ · wall_segment Palisade Wall x2 |
| 16:48 | Sir Implosive Plopper · wall_segment Stone Wall x1 |
| 16:51 | KnightLifeAoC · wall_segment Stone Wall x1 |
| 16:57 | KnightLifeAoC · wall_segment Stone Wall x1 |
| 17:05 | NakedNipples · first_market_buy 100 food |
| 17:24 | TheLightWithinAllBeings_ · wall_segment Palisade Wall x1 |
| 17:35 | TheLightWithinAllBeings_ · first_market_sell 100 stone |
| 17:36 | TheLightWithinAllBeings_ · first_market_buy 100 food |
| 17:36 | Sir Implosive Plopper · wall_segment Stone Wall x1 |
| 17:40 | Sir Implosive Plopper · wall_segment Stone Wall x1 |
| 17:41 | Sir Implosive Plopper · wall_segment Stone Wall x1 |
| 17:41 | Sir Implosive Plopper · wall_segment Stone Wall x1 |
| 17:43 | KnightLifeAoC · age_up castle |
| 17:51 | Sir Implosive Plopper · wall_segment Stone Wall x1 |
| 17:52 | Sir Implosive Plopper · wall_segment Stone Wall x1 |
| 17:53 | Sir Implosive Plopper · wall_segment Stone Wall x1 |
| 17:54 | Sir Implosive Plopper · wall_segment Stone Wall x1 |
| 17:54 | Sir Implosive Plopper · wall_segment Stone Wall x2 |
| 17:56 | KnightLifeAoC · first_market_buy 100 stone |
| 18:03 | KnightLifeAoC · first_building Monastery |
| 18:09 | Sir Implosive Plopper · wall_segment Palisade Wall x1 |
| 18:15 | KnightLifeAoC · wall_segment Palisade Wall x1 |
| 18:40 | Firebeer · first_building Siege Workshop |
| 18:59 | Sir Implosive Plopper · wall_segment Palisade Wall x1 |
| 19:10 | Sir Implosive Plopper · first_market_buy 100 stone |
| 19:19 | Sir Implosive Plopper · wall_segment Stone Wall x5 |
| 19:28 | Sir Implosive Plopper · wall_segment Stone Wall x1 |
| 19:48 | TheLightWithinAllBeings_ · age_up castle |
| 19:57 | NakedNipples · first_market_sell 100 food |
| 20:15 | NakedNipples · age_up castle |
| 20:38 | scorpion145 · age_up castle |
| 20:42 | scorpion145 · first_building Castle |
| 21:24 | Osama · first_market_buy 100 food |
| 21:26 | Osama · first_market_sell 100 wood |
| 21:36 | KnightLifeAoC · first_market_sell 500 wood |
| 22:21 | Sir Implosive Plopper · wall_segment Stone Wall x1 |
| 22:21 | Sir Implosive Plopper · wall_segment Stone Wall x1 |
| 22:38 | KnightLifeAoC · first_building Castle |
| 22:47 | Sir Implosive Plopper · wall_segment Palisade Wall x1 |
| 23:02 | Sir Implosive Plopper · wall_segment Stone Wall x1 |
| 23:07 | Sir Implosive Plopper · wall_segment Stone Wall x1 |
| 23:08 | Sir Implosive Plopper · wall_segment Stone Wall x1 |
| 23:11 | Sir Implosive Plopper · wall_segment Stone Wall x1 |
| 23:13 | Sir Implosive Plopper · wall_segment Stone Wall x1 |
| 23:16 | Sir Implosive Plopper · wall_segment Stone Wall x1 |
| 23:19 | Sir Implosive Plopper · wall_segment Stone Wall x2 |
| 23:45 | Osama · first_building Stable |
| 24:17 | scorpion145 · wall_segment Stone Wall x1 |
| 24:28 | Osama · age_up castle |
| 24:41 | KnightLifeAoC · wall_segment Stone Wall x3 |
| 25:04 | scorpion145 · first_market_buy 100 food |
| 25:21 | Cyborg · wall_segment Stone Wall x5 |
| 25:49 | scorpion145 · first_market_sell 100 wood |
| 26:01 | Osama · first_building Siege Workshop |
| 26:33 | Sir Implosive Plopper · first_building Barracks |
| 26:33 | Cyborg · first_market_buy 100 food |
| 26:35 | scorpion145 · wall_segment Stone Wall x10 |
| 26:38 | NakedNipples · wall_segment Stone Wall x2 |
| 26:47 | TheLightWithinAllBeings_ · first_building Monastery |
| 26:56 | TheLightWithinAllBeings_ · wall_segment Stone Wall x1 |
| 26:57 | TheLightWithinAllBeings_ · wall_segment Stone Wall x1 |
| 27:03 | KnightLifeAoC · first_building Siege Workshop |
| 27:10 | scorpion145 · wall_segment Stone Wall x6 |
| 27:20 | Sir Implosive Plopper · age_up castle |
| 27:35 | Sir Implosive Plopper · first_building Stable |
| 27:40 | TheLightWithinAllBeings_ · wall_segment Stone Wall x1 |
| 27:50 | TheLightWithinAllBeings_ · wall_segment Stone Wall x1 |
| 27:59 | Sir Implosive Plopper · first_market_sell 100 food |
| 28:03 | Osama · first_building Monastery |
| 28:45 | scorpion145 · wall_segment Stone Wall x7 |
| 28:50 | TheLightWithinAllBeings_ · first_building Castle |
| 28:52 | KnightLifeAoC · age_up imperial |
| 29:12 | TheLightWithinAllBeings_ · wall_segment Stone Wall x1 |
| 29:18 | Sir Implosive Plopper · wall_segment Stone Wall x1 |
| 29:19 | scorpion145 · age_up imperial |
| 29:20 | Sir Implosive Plopper · wall_segment Stone Wall x1 |
| 29:55 | Sir Implosive Plopper · wall_segment Stone Wall x1 |
| 29:58 | Sir Implosive Plopper · wall_segment Stone Wall x1 |
| 30:00 | Sir Implosive Plopper · wall_segment Stone Wall x1 |
| 30:07 | Sir Implosive Plopper · wall_segment Stone Wall x1 |
| 30:18 | NakedNipples · first_building Castle |
| 31:52 | scorpion145 · wall_segment Stone Wall x1 |
| 32:06 | scorpion145 · wall_segment Stone Wall x10 |
| 32:16 | Cyborg · first_building Monastery |
| 32:29 | TheLightWithinAllBeings_ · wall_segment Stone Wall x11 |
| 32:40 | scorpion145 · wall_segment Stone Wall x18 |
| 33:06 | Cyborg · first_market_sell 100 food |
| 33:17 | Firebeer · first_market_sell 100 food |
| 33:18 | scorpion145 · wall_segment Stone Wall x9 |
| 33:23 | Cyborg · first_building Castle |
| 33:31 | scorpion145 · wall_segment Stone Wall x6 |
| 35:07 | NakedNipples · age_up imperial |
| 35:10 | Firebeer · first_building Castle |
| 35:27 | Sir Implosive Plopper · first_building Monastery |
| 35:47 | Firebeer · wall_segment Stone Wall x11 |
| 36:12 | Cyborg · age_up imperial |
| 36:35 | Osama · age_up imperial |
| 36:40 | scorpion145 · first_building Barracks |
| 37:01 | Firebeer · age_up imperial |
| 37:07 | scorpion145 · first_building Archery Range |
| 37:30 | KnightLifeAoC · first_building Barracks |
| 38:18 | Firebeer · wall_segment Stone Wall x11 |
| 38:25 | Firebeer · wall_segment Stone Wall x8 |
| 39:39 | KnightLifeAoC · first_building Archery Range |
| 39:54 | Sir Implosive Plopper · resign |
| 39:57 | TheLightWithinAllBeings_ · age_up imperial |
[ ANÁLISIS IA · 1 CRÉDITO ]
¿Qué pasó realmente en esta partida?
Wolo.gg analiza cada decisión: build order, eco, micro, errores típicos por bracket. Análisis personalizado por WhatsApp o Discord en 30 segundos.
Guía civ
Polacos
Guía mapa
Rage Forest 2025 (Custom)
Perfil
Jugador #2642796